 Dungeon Crawl Stone Soup version 0.30.0-11-gf55b779eaf (webtiles) character file.

Game seed: 11882223443687769666

41 ProzacElf the Ducker (level 3, -1/27 HPs)
             Began as a Vampire Gladiator on May 17, 2023.
             Killed by nerve-wracking pain
             ... invoked by Jessica
              (9 damage)
             ... on level 3 of the Dungeon.
             The game lasted 00:04:43 (1509 turns).

ProzacElf the Ducker (Vampire Gladiator)            Turns: 1509, Time: 00:04:44

Health: -1/27      AC:  6    Str: 15    XL:     3   Next: 32%
Magic:  3/3        EV: 12    Int: 10    God:
Gold:   183        SH:  0    Dex: 15    Spells: 2/2 levels left

rFire   + . .        a - +0 long sword
rCold   + . .        (no shield)
rNeg    . . .        k - +0 ring mail
rPois   .            c - +0 helmet
rElec   .            l - scarf {rC+ rF+}
rCorr   .            (no gloves)
SInv    +            (no boots)
Will    .....        (no amulet)
Stlth   +            (no ring)
HPRegen 0.44/turn    (no ring)
MPRegen 0.08/turn

%: no passive effects
@: healing quickly
A: alive, fangs 3, see invisible, vampiric 2
a: Exsanguinate


You were on level 3 of the Dungeon.
You visited 1 branch of the dungeon, and saw 3 of its levels.

You collected 183 gold pieces.

Inventory:

Hand Weapons
 a - a +0 long sword (weapon)
Missiles
 d - 2 throwing nets (quivered)
 e - a javelin
Armour
 b - a +0 leather armour
 c - a +0 helmet (worn)
 k - a +0 ring mail (worn)
 l - a scarf of resistance (worn)
Jewellery
 g - a ring of fire
Scrolls
 f - a scroll of magic mapping {unknown}
 h - 2 scrolls of identify {unknown}
 i - 3 scrolls of fear {unknown}
 m - a scroll of poison {unknown}
 o - a scroll of fog {unknown}
 q - a scroll of amnesia {unknown}
Potions
 j - 2 potions of curing {unknown}
 n - a potion of resistance {unknown}
 p - a potion of degeneration {unknown}
 r - a potion of haste {unknown}


   Skills:
 - Level 1.7 Fighting
 + Level 3.8 Long Blades
 - Level 1.5 Throwing
 - Level 3.8 Dodging
 + Level 2.0 Stealth


You had 2 spell levels left.
You didn't know any spells.
Your spell library was empty.

Dungeon Overview and Level Annotations

Branches:
Dungeon (3/15)

Altars:
Vehumet

Shops:
D:3 (

Annotations:
D:3 Jessica


Innate Abilities, Weirdness & Mutations

Your natural rate of healing is accelerated.
You have razor-sharp teeth.
You have supernaturally acute eyesight. (SInv)
You are afflicted with vampirism and can become a bat while bloodless.


Message History

Ye be too injured ta fight recklessly!
Ye be too injured ta fight recklessly!
Ye be too injured ta fight recklessly!
Ye be too injured ta fight recklessly!
Ye be too injured ta fight recklessly!
Ye be too injured ta fight recklessly!
Ye be too injured ta fight recklessly!
Ye be too injured ta fight recklessly!
Ye be too injured ta fight recklessly!
Ye be too injured ta fight recklessly!
Ye be too injured ta fight recklessly!
Ye be too injured ta fight recklessly!
Ye be too injured ta fight recklessly!
Ye be too injured ta fight recklessly!
Ye be too injured ta fight recklessly!
Ye be too injured ta fight recklessly!
Ye be too injured ta fight recklessly!
Ye be too injured ta fight recklessly!
Ye be too injured ta fight recklessly!
Ye be too injured ta fight recklessly!
Ye be too injured ta fight recklessly!
Ye be too injured ta fight recklessly!
Ye slash Jessica!
Jessica be severely wounded.
Jessica mumbles some strange words.
Jessica blinks!
Okay, than.
Ye ar'n't carryin' any items tha ye can evoke.
Throw: 3 throwin' nets
Press: ? - help, Q - select action, (/) - cycle Shift-Dir - straight line, f - Jessica
Aim: Jessica, wieldin' a +0 club an' wearin' a +0 robe (severely wounded, fast, 57% ta hit) Ye throw a throwin' net.
Tha throwin' net closely misses Jessica.
Jessica shouts, "Yer disturbin' me!
I'll haf ta kill ye!"
Jessica gestures at ye while chantin'.
Ye barely resist.
Jessica grins evilly.
Jessica gestures at ye while chantin'.
Pain shoots through yer body!
Ye die...

################
#...............
#.############## # ##.##
#.###§.?# #####
#.#@.@..^##### .....
#....)......... #####
.......†....#####..#####
.###.#.......# #.......
#...........< .......
#.#........## #.####
............# #.....
.##.###...#### # #.#...
#> #..#.. ..#.#._.


You could see Jessica (fast).

Vanquished Creatures
  2 worms (D:2)
  3 bats (D:1)
  3 giant cockroaches
  A goblin (D:3)
  5 hobgoblins
  4 jackals (D:1)
  2 quokkas
  4 ball pythons
  3 frilled lizards
  2 kobolds
  4 rats
33 creatures vanquished.

Notes
Turn   | Place    | Note
-------+----------+-------------------------------------------
     0 | D:1      | ProzacElf the Vampire Gladiator began the quest for the
                  | Orb.
     0 | D:1      | Reached XP level 1. HP: 16/16 MP: 1/1
   218 | D:1      | You fall into a shaft and drop 1 floor!
   300 | D:1      | Reached XP level 2. HP: 10/22 MP: 2/2
   824 | D:2      | Reached skill level 1 in Stealth
  1116 | D:2      | Gained mutation: You are afflicted with vampirism and can
                  | become a bat while bloodless. [Vampire growth]
  1116 | D:2      | Reached XP level 3. HP: 11/27 MP: 3/3
  1324 | D:3      | Found Duxt's Antique Weapon Boutique.
  1448 | D:3      | Found a radiant altar of Vehumet.
  1494 | D:3      | Noticed Jessica
  1509 | D:3      | Killed from afar by Jessica

Illustrated notes

Levels and vault maps discovered:
D:1:      scummos_arrival_gate, layout_loops_ring, st_stairs_2,
          serial_park_tiny_2, minmay_misc_feat_more_columns,
          roderic_filled_cross
D:2:      layout_basic, minmay_split_cup_large
D:3:      minmay_inner_zag, layout_loops_ring,
          mainiacjoe_overflow_cross_hatched, serial_shops,
          nicolae_shop_window_shopping, uniq_jessica

Skill      XL: |  1  2  3 |
---------------+----------+-----
Stealth        | 1 2 |  2.0
Fighting       | |  1.7
Long Blades    | |  3.8
Throwing       | |  1.5
Dodging        | |  3.8

Action                     || total
---------------------------++-------
  Melee: Long sword        ||    96
         Bite              ||     1
  Throw: Throwing net      ||     1
   Stab: Distracted        ||     1
         Sleeping          ||     1
 Armour: Leather armour    ||    17
         Ring mail         ||    20
  Dodge: Dodged            ||    93

Action                     || total
---------------------------++-------
  Melee: Long sword        ||    96
         Bite              ||     1
  Throw: Throwing net      ||     1
   Stab: Distracted        ||     1
         Sleeping          ||     1
 Armour: Leather armour    ||    17
         Ring mail         ||    20
  Dodge: Dodged            ||    93

Levels and vault maps discovered:
D:1:      scummos_arrival_gate, layout_loops_ring, st_stairs_2,
          serial_park_tiny_2, minmay_misc_feat_more_columns,
          roderic_filled_cross
D:2:      layout_basic, minmay_split_cup_large
D:3:      minmay_inner_zag, layout_loops_ring,
          mainiacjoe_overflow_cross_hatched, serial_shops,
          nicolae_shop_window_shopping, uniq_jessica
